 Dungeon Crawl Stone Soup version 0.28.0-53-g5a82cb258f (webtiles) character file.

Game seed: 4328558106440301374

485 MayBe the Covered (level 6, -5/56 HPs)
             Began as a Minotaur Fighter on Aug 10, 2022.
             Was an Initiate of Ignis.
             Slain by Pikel
             ... wielding a +2 whip of electrocution
              (9 damage)
             ... on level 4 of the Dungeon.
             The game lasted 00:26:36 (3205 turns).

MayBe the Covered (Minotaur Fighter)                Turns: 3205, Time: 00:26:36

Health: -5/56      AC:  7    Str: 23    XL:     6   Next: 88%
Magic:  5/5        EV: 14    Int:  5    God:    Ignis [......]
Gold:   98         SH:  9    Dex:  9    Spells: 5/5 levels left

rFire   + . .      SeeInvis .   a - +0 war axe
rCold   . . .      Faith    .   c - +0 buckler
rNeg    . . .      Spirit   .   b - +0 scale mail
rPois   .          Reflect  +   (helmet restricted)
rElec   .          Harm     .   (no cloak)
rCorr   .          Rampage  .   (no gloves)
Will    .....                   (no boots)
Stlth   ..........              q - amulet of reflection
HPRegen 0.18/turn               n - +4 ring of evasion
MPRegen 0.09/turn               (no ring)

@: no status effects
A: horns 2, retaliatory headbutt
a: Renounce Religion


You were on level 4 of the Dungeon.
You worshipped Ignis.
Ignis was noncommittal.
You visited 1 branch of the dungeon, and saw 5 of its levels.

You collected 98 gold pieces.

Inventory:

Hand Weapons
 a - a +0 war axe (weapon)
 f - a +0 dagger
 t - a +0 giant spiked club
Armour
 b - a +0 scale mail (worn)
 c - a +0 buckler (worn)
Jewellery
 n - a +4 ring of evasion (left hand)
 q - an amulet of reflection (around neck)
Scrolls
 g - 3 scrolls of fear {unknown}
 h - a scroll of amnesia {unknown}
 i - a scroll of identify {unknown}
 k - a scroll of summoning {unknown}
 l - a scroll of teleportation {unknown}
 p - a scroll of magic mapping {unknown}
 s - a scroll of blinking {unknown}
Potions
 d - a potion of might
 e - 3 potions of resistance {unknown}
 j - a potion of brilliance {unknown}
 m - a potion of cancellation {unknown}
 o - a potion of ambrosia {unknown}
 r - a potion of attraction {unknown}


   Skills:
 + Level 5.0 Fighting
 + Level 5.2 Axes
 + Level 5.6 Armour
 + Level 1.5 Dodging
 + Level 0.4 Stealth
 + Level 5.4 Shields


You had 5 spell levels left.
You didn't know any spells.
Your spell library contained the following spells:

 Spells                   Type           Power      Damage    Failure   Level
 Freeze                   Ice            0%         1d3       86%         1
 Shock                    Conj/Air       0%         1d3       86%         1
 Sting                    Tmut/Pois      0%         1d3       86%         1
 Poisonous Vapours        Pois/Air       0%         N/A       94%         2
 Frozen Ramparts          Ice            0%         1d2       99%         3
 Ignite Poison            Fire/Tmut/Pois 0%         N/A       99%         3
 Inner Flame              Hex/Fire       0%         N/A       99%         3
 Mephitic Cloud           Conj/Pois/Air  0%         N/A       99%         3
 Swiftness                Air            0%         N/A       99%         3
 Airstrike                Air            0%         N/A       100%        4
 Cause Fear               Hex            0%         N/A       100%        4
 Hailstorm                Conj/Ice       0%         3d3       100%        4
 Olgreb's Toxic Radiance  Pois           0%         N/A       100%        4
 Freezing Cloud           Conj/Ice/Air   0%         6-21      100%        5
 Discord                  Hex            0%         N/A       100%        8


Dungeon Overview and Level Annotations

Branches:
Dungeon (5/15)
 Temple: D:4-7

Altars:
Gozag
Ignis

Shops:
D:1 :

Annotations:
D:4 Pikel


Innate Abilities, Weirdness & Mutations

You have a pair of horns on your head.
You reflexively headbutt those who attack you in melee.


Message History

A lemure comes into view.
The lemure shouts!
The lemure hits you but does no damage.
Pikel says, "You'll make a fine lemure."
You hit the lemure.
The lemure is lightly wounded.
You slash the lemure! You barely miss Pikel.
The lemure hits you but does no damage. You block the lemure's attack.
You block Pikel's attack.
You hit the lemure. Your headbutt misses the lemure.
The lemure is moderately wounded.
You block the lemure's attack.
You hit the lemure but do no damage.
The lemure is moderately wounded.
The lemure hits you!
You closely miss Pikel. You closely miss Pikel.
Pikel hits you with a +2 whip of electrocution!
You are electrocuted!
A giant cockroach comes into view.
Pikel hits you but does no damage.
You are electrocuted!
You hit Pikel.
Pikel is lightly wounded.
Pikel hits you with a +2 whip of electrocution!
* * * LOW HITPOINT WARNING * * *
Pikel says, "You'll feel the lick of my whip!"
You block Pikel's attack. The lemure closely misses you.
Pikel hits you with a +2 whip of electrocution!
* * * LOW HITPOINT WARNING * * *
Pikel completely misses you. You furiously retaliate!
You headbutt Pikel.
The giant cockroach bites you but does no damage.
Pikel says, "You'll feel the lick of my whip!"
You block the giant cockroach's attack.
Pikel hits you with a +2 whip of electrocution.
* * * LOW HITPOINT WARNING * * *
Pikel hits you with a +2 whip of electrocution.
* * * LOW HITPOINT WARNING * * *
You are electrocuted!
You die...

##### #...##### #####
#.......######...#
#####
#...###......#...#
##.... ##.##
####>..@...# ##.....
#..####....##BK5.##
#......
####.......#####..5..#
#...... ....[.######
##...5### #......
####.## ####...#
#.>.... #.#
#######5#.## #......
..#
#.....5...[####.....
#.##
..#####.#####.......
.. ##55..<........


You could see Pikel, 4 lemures and a giant cockroach.

Vanquished Creatures
  Eustachio (D:5)
  An ogre (D:4)
  A scorpion (D:4)
  2 water moccasin zombies (D:5)
  2 adders
  6 ball pythons
  6 bats
  4 endoplasms
  2 giant cockroaches (D:3)
  8 goblins
  7 hobgoblins
  8 jackals
  8 kobolds
  A quokka (D:1)
  6 frilled lizards
  10 rats
73 creatures vanquished.

Vanquished Creatures (others)
  86 foxfires
86 creatures vanquished.

Grand Total: 159 creatures vanquished

Notes
Turn   | Place    | Note
-------+----------+-------------------------------------------
     0 | D:1      | MayBe the Minotaur Fighter began the quest for the Orb.
     0 | D:1      | Reached XP level 1. HP: 19/19 MP: 0/0
   237 | D:1      | Found Ciemeeng's Book Boutique.
   244 | D:1      | Reached XP level 2. HP: 21/27 MP: 1/1
   370 | D:1      | Found a faded altar of an unknown god.
   459 | D:1      | Prayed at the altar of an unknown god.
   459 | D:1      | Became a worshipper of Ignis, the Dying Flame
  1074 | D:1      | Reached XP level 3. HP: 33/33 MP: 2/2
  1545 | D:2      | Found an opulent altar of Gozag.
  2119 | D:3      | Reached XP level 4. HP: 41/41 MP: 3/3
  2603 | D:4      | Noticed an ogre
  2606 | D:4      | Killed an ogre
  2607 | D:4      | Reached skill level 5 in Armour
  2607 | D:4      | Reached XP level 5. HP: 47/47 MP: 4/4
  2664 | D:4      | Noticed Eustachio
  2682 | D:4      | Reached skill level 1 in Dodging
  2704 | D:5      | Entered Level 5 of the Dungeon
  2720 | D:5      | Reached XP level 6. HP: 27/53 MP: 5/5
  2731 | D:5      | Reached skill level 5 in Shields
  2894 | D:5      | Killed Eustachio
  2895 | D:5      | Reached skill level 5 in Fighting
  2895 | D:5      | Reached skill level 5 in Axes
  3169 | D:4      | Noticed Pikel
  3205 | D:4      | Slain by Pikel

Illustrated notes

Levels and vault maps discovered:
D:1:      elethiomel_arrival_shortcut, layout_basic, serial_shops, shop,
          hellmonk_ecumenical_altar_run_dry, minmay_distorted
D:2:      layout_rooms, basic_altar
D:3:      layout_basic, corner_web_ring
D:4:      layout_rooms, gammafunk_ghost_icy, uniq_eustachio, uniq_menkaure,
          uniq_ijyb, uniq_pikel
D:5:      layout_basic, nicolae_overflow_hidden_temple,
          minmay_temple_entry_purple_smoke, uniq_edmund

Skill      XL: |  1  2  3  4  5  6 |
---------------+-------------------+-----
Armour         | 4 5 |  5.6
Fighting       | 4 5 |  5.0
Shields        | 4 5 |  5.4
Axes           | 3 4 5 |  5.2
Dodging        | 1 |  1.5
Stealth        | |  0.4

Action                   |  1- 3 |  4- 6 || total
-------------------------+-------+-------++-------
Melee: War axe           |    74 |    62 ||   136
       Headbutt          |    12 |     6 ||    18
Invok: Foxfire Swarm     |     5 |     2 ||     7
       Fiery Armour      |     1 |       ||     1
       Rising Flame      |     1 |       ||     1
Armor: Scale mail        |    46 |    29 ||    75
Dodge: Dodged            |    49 |    42 ||    91
Block: Buckler           |    18 |    45 ||    63
